 Dungeon Sprint DCSS version 0.30-a0-860-g512cf1e979 (webtiles) character file.

Game seed: 2072056979080923409

300 rocky1 the Arsonist (level 7, -12/47 HPs)
             Began as a Demonspawn Fire Elementalist on Mar 7, 2023.
             Was a High Priest of Sif Muna.
             Mangled by an anaconda (16 damage)
             ... in the Dungeon (Sprint VI: "Thunderdome").
             The game lasted 00:09:15 (577 turns).

rocky1 the Arsonist (Demonspawn Fire Elementalist)   Turns: 577, Time: 00:09:15

Health: -12/47     AC:  2    Str:  8    XL:     7   Next: 79%
Magic:  9/19       EV: 12    Int: 18    God:    Sif Muna [*****.]
Gold:   465        SH:  0    Dex: 14    Spells: 13/23 levels left

rFire   . . .      SeeInvis +    l - +2 scimitar
rCold   . . .      Faith    .    (no shield)
rNeg    . . .      Spirit   .    a - +0 robe
rPois   .          Reflect  .    (no helmet)
rElec   .          Rampage  .    (no cloak)
rCorr   .          NoTele   +    (no gloves)
Will    +....                    (no boots)
Stlth   +++                      o - amulet "Xeinogit" {RegenMP Contam Fly Will+ SInv}
HPRegen 0.27/turn                (no ring)
MPRegen 0.56/turn                (no ring)

@: lethally poisoned (-12 -> -16), flying, constricted
A: repulsion field 1, powered by death 2, demonic magic 2
a: Renounce Religion, Channel Magic, Forget Spell, Divine Exegesis


You were in the Dungeon.
You worshipped Sif Muna.
Sif Muna was extremely pleased with you.
You visited 1 branch You collected 600 gold pieces.
You spent 135 gold pieces at shops.

Inventory:

Hand Weapons
 l - a +2 scimitar (weapon)
Armour
 a - a +0 robe (worn)
Jewellery
 m - the ring "Eranguwk" {rCorr Dex+4}
   (You bought it in a shop in the Dungeon)

   [ring of resist corrosion]

   Dex:       It affects your dexterity (+4).
   rCorr:     It protects you from acid and corrosion.
 n - the ring of the Tick {rC++ rN++ EV+5 Str-4}
   (You bought it in a shop in the Dungeon)

   [ring of evasion]

   EV:        It affects your evasion (+5).
   Str:       It affects your strength (-4).
   rC:        It greatly protects you from cold.
   rN:        It greatly protects you from negative energy.
 o - the amulet "Xeinogit" (around neck) {RegenMP Contam Fly Will+ SInv}
   (You bought it in a shop in the Dungeon)

   [amulet of magic regeneration]

   It increases your rate of magic regeneration.
   SInv:      It lets you see invisible.
   Fly:       It grants you flight.
   Contam:    It causes magical contamination when unequipped.
   Will:      It increases your willpower.
Wands
 i - a wand of quicksilver (4)
 j - a wand of roots (1)
Scrolls
 g - a scroll of blinking
 k - 3 scrolls of fog
Potions
 b - 3 potions of magic
 d - a potion of heal wounds
 e - 4 potions of haste
 f - a potion of berserk rage
 h - a potion of resistance


   Skills:
 + Level 0.9 Fighting
 + Level 4.0 Dodging
 - Level 3.9 Stealth
 * Level 8.6 Spellcasting
 + Level 4.0 Conjurations
 * Level 10.5 Fire Magic
 * Level 8.0 Invocations
 + Level 1.6 Evocations


You had 13 spell levels left.
You knew the following spells:

 Your Spells              Type           Power      Damage    Failure   Level
a - Foxfire               Conj/Fire      100%       2x1d9     1%          1
b - Scorch                Fire           90%        2d10      1%          2
c - Inner Flame           Hex/Fire       26%        N/A       3%          3
d - Flame Wave            Conj/Fire      34%        2d10      4%          4

Your spell library contained the following spells:

 Spells                   Type           Power      Damage    Failure   Level
 Kindle Blastsparks       Fire/Tloc/Air  40%        2d13      6%          3
 Call Canine Familiar     Summ           7%         N/A       26%         3
 Ozocubu's Armour         Ice            7%         N/A       26%         3
 Swiftness                Air            7%         N/A       26%         3
 Vhi's Electric Charge    Tloc/Air       14%        N/A       26%         3


Dungeon Overview and Level Annotations

Branches:
Dungeon (1/1)

Altars:
Cheibriados
Dithmenos
Fedhas
Gozag
Kikubaaqudgha
Makhleb
Okawaru
Qazlal
Ru
Sif Muna
Trog
Uskayaw
Vehumet
Wu Jian
Xom
Yredelemnul
Lugonu

Shops:
D *[??*?*:[((!!!!


Innate Abilities, Weirdness & Mutations

You are surrounded by a mild repulsion field. (EV +2)
You regenerate health from kills.
Spells you cast may paralyse nearby enemies.


Message History

You feel sick.
The anaconda escapes!
The naga ritualist spits poison at you. The splash of poison hits you.
You are more poisoned.
Aiming: Fastroot
Press: ? - help, Shift-Dir - straight line
Okay, then.
Aiming: Quicksilver Bolt
Press: ? - help, Shift-Dir - straight line, f - naga ritualist
Aim: a naga ritualist, wielding a +0 hand axe and wearing a +0 robe (severely wounded, catching its breath, more vulnerable to fire, 71% to hit)
The bolt of dispelling energy hits the anaconda!
The anaconda is moderately wounded.
The bolt of dispelling energy misses the naga ritualist.
You feel sick. The anaconda barely misses you. The anaconda bites you!
* * * LOW HITPOINT WARNING * * *
The anaconda grabs you. The anaconda bites you.
* * * LOW HITPOINT WARNING * * *
The anaconda constricts you.
* * * LOW HITPOINT WARNING * * *
You feel much better.
You feel sick. The anaconda bites you!
* * * LOW HITPOINT WARNING * * *
The anaconda constricts you.
* * * LOW HITPOINT WARNING * * *
The anaconda barely misses you. The anaconda constricts you.
* * * LOW HITPOINT WARNING * * *
Unknown command.
You feel much better.
You feel sick. The anaconda bites you. The anaconda constricts you.
Unknown command.
Casting: Scorch (safe; 1% risk of failure)
Confirm with . or Enter, or press ? or * to list all spells.
Flames lash the anaconda.
The anaconda is moderately wounded.
The anaconda's fire resistance burns away.
Malevolent energies surge around you.
You feel sick. The anaconda bites you!!
* * * LOW HITPOINT WARNING * * *
The anaconda constricts you.
* * * LOW HITPOINT WARNING * * *
The anaconda bites you!
You die...

#⌠..........###...###..........⌠
#⌠....[.....# #.<.# #..........⌠
#⌠..........###...###..........⌠
##.............###.............#
###∩........8.# #.8........∩###
##∩___..N...###......__.∩##
######.8.....[...8.######
#⌠...S.......⌠# ###...@.....###
#_......._# #_......._#
#_......._# #∩.......∩#
##∩.....∩## ##.....## ##⌠⌠⌠##
####


You could see an anaconda (combustible) and a naga ritualist (catching breath,
combustible).

Vanquished Creatures
  A black mamba (D)
  A wraith (D)
  A gnoll sergeant (D)
  2 scorpions (D)
  2 wights (D)
  A hound (D)
  2 gnoll boudas (D)
  Terence (D)
  Jessica (D)
  3 gnolls (D)
  A worm (D)
  A spectral bat (D)
  An endoplasm (D)
  3 giant cockroaches (D)
  A goblin (D)
  A hobgoblin (D)
  A frilled lizard (D)
  A spectral ball python (D)
  A spectral quokka (D)
26 creatures vanquished.

Vanquished Creatures (others)
  49 foxfires (D)
49 creatures vanquished.

Grand Total: 75 creatures vanquished

Notes
Turn   | Place    | Note
-------+----------+-------------------------------------------
     0 | D        | rocky1 the Demonspawn Fire Elementalist began the quest for
                  | the Orb.
     0 | D        | Reached XP level 1. HP: 13/13 MP: 3/3
     4 | D        | Found an ancient bone altar of Kikubaaqudgha.
     4 | D        | Found an opulent altar of Gozag.
     5 | D        | Found a radiant altar of Vehumet.
     5 | D        | Round 1.
     6 | D        | Found a basalt altar of Yredelemnul.
     6 | D        | Found a shimmering altar of Xom.
     7 | D        | Found Jimpase's Magic Scroll Shop.
     7 | D        | Found Leope's Staff Store.
     8 | D        | Found a sacrificial altar of Ru.
     9 | D        | Found a burning altar of Makhleb.
     9 | D        | Found Estrets's Identification Station.
    10 | D        | Found Tyigu's Jewellery.
    10 | D        | Found Ojahevyn's Advanced Armour.
    10 | D        | Noticed Jessica
    15 | D        | Reached skill level 3 in Fire Magic
    16 | D        | Killed Jessica
    17 | D        | Reached skill level 4 in Fire Magic
    17 | D        | Gained mutation: You regenerate a little health from kills.
                  | [demonic ancestry]
    17 | D        | Reached XP level 2. HP: 19/19 MP: 0/6
    34 | D        | Reached XP level 3. HP: 24/24 MP: 1/7
    42 | D        | Found Xeobrif's Magic Scroll Shop.
    42 | D        | Found Uroeb's Must-Have Magic.
    61 | D        | Found a shadowy altar of Dithmenos.
    62 | D        | Found a hide-covered altar of Uskayaw.
    65 | D        | Found Qujete's Distillery.
    66 | D        | Found Cuapos's Distillery.
    66 | D        | Found Tunuom's Bottled Wisdom.
    68 | D        | Found a snail-covered altar of Cheibriados.
    68 | D        | Found an ornate altar of the Wu Jian Council.
    68 | D        | Found Hifax's Do-It-Yourself Clinic.
    72 | D        | Found a stormy altar of Qazlal.
    73 | D        | Found an iron altar of Okawaru.
    74 | D        | Found a blossoming altar of Fedhas.
    76 | D        | Found Xorileun's Weapon Rack.
    78 | D        | Found a bloodstained altar of Trog.
    78 | D        | Found a corrupted altar of Lugonu.
    78 | D        | Found a shimmering blue altar of Sif Muna.
    78 | D        | Found Nurrorch's Premium Goods.
    79 | D        | Found Nekiuky's Basic Armour.
    79 | D        | Found Iwnuban Ajio's Miscellaneous Merchandise.
    93 | D        | Noticed Terence
   101 | D        | Killed Terence
   101 | D        | Arena points: 14 (+14) [x2]
   102 | D        | Reached skill level 5 in Fire Magic
   110 | D        | Learned a level 2 spell: Scorch
   122 | D        | Became a worshipper of Sif Muna the Loreminder
   157 | D        | Round 2.
   160 | D        | Noticed a scorpion
   164 | D        | Killed a scorpion
   165 | D        | Reached skill level 6 in Fire Magic
   165 | D        | Gained mutation: Spells you cast may paralyse adjacent
                  | enemies. [demonic ancestry]
   165 | D        | Reached XP level 4. HP: 30/30 MP: 5/10
   181 | D        | Reached * piety under Sif Muna
   224 | D        | Noticed a scorpion
   228 | D        | Killed a scorpion
   228 | D        | Reached ** piety under Sif Muna
   228 | D        | Arena points: 56 (+42) [x3]
   229 | D        | Reached skill level 7 in Fire Magic
   229 | D        | Reached skill level 1 in Evocations
   229 | D        | Gained mutation: Spells you cast may paralyse nearby
                  | enemies. [demonic ancestry]
   229 | D        | Reached XP level 5. HP: 35/35 MP: 0/12
   298 | D        | Round 3.
   302 | D        | Learned a level 3 spell: Inner Flame
   320 | D        | Noticed a wraith
   330 | D        | Killed a wraith
   331 | D        | Reached skill level 5 in Spellcasting
   331 | D        | Reached skill level 8 in Fire Magic
   331 | D        | Gained mutation: You are surrounded by a mild repulsion
                  | field. (EV +2) [demonic ancestry]
   331 | D        | Reached XP level 6. HP: 41/41 MP: 12/14
   404 | D        | Reached skill level 9 in Fire Magic
   417 | D        | Reached *** piety under Sif Muna
   422 | D        | Arena points: 140 (+84) [x4]
   466 | D        | Learned a level 4 spell: Flame Wave
   485 | D        | Round 4.
   495 | D        | Reached **** piety under Sif Muna
   503 | D        | Gained mutation: You regenerate health from kills. [demonic
                  | ancestry]
   503 | D        | Reached XP level 7. HP: 38/46 MP: 11/17
   506 | D        | Arena points: 300 (+160) [x5]
   554 | D        | Bought a bound bronze ring for 45 gold pieces
   554 | D        | Identified the ring "Eranguwk" {rCorr Dex+4} (You bought it
                  | in a shop in the Dungeon)
   554 | D        | Bought an ancient bronze ring for 45 gold pieces
   554 | D        | Identified the ring of the Tick {rC++ rN++ EV+5 Str-4} (You
                  | bought it in a shop in the Dungeon)
   554 | D        | Bought a clouded bronze amulet for 45 gold pieces
   554 | D        | Identified the amulet "Xeinogit" {RegenMP Contam Fly Will+
                  | SInv} (You bought it in a shop in the Dungeon)
   555 | D        | Round 5.
   555 | D        | Noticed a black mamba
   558 | D        | Noticed a naga ritualist
   562 | D        | Killed a black mamba
   562 | D        | Reached ***** piety under Sif Muna
   562 | D        | Received a gift from Sif Muna
   563 | D        | Reached skill level 10 in Fire Magic
   563 | D        | Got Sif Muna's Spellcraft in Simple Steps {god gift}
   564 | D        | Noticed an anaconda
   577 | D        | Mangled by an anaconda

Illustrated notes

Levels and vault maps discovered:
D:        arena_sprint

Skill      XL: |  1  2  3  4  5  6  7 |
---------------+----------------------+-----
Dodging        | 2 3 4 |  4.0
Fire Magic     | 4 6 7 8 9 10 | 10.5
Stealth        | 2 3 |  3.9
Spellcasting   | 3 4 5 7 8 |  8.6
Invocations    | 2 4 6 7 8 |  8.0
Conjurations   | 2 3 4 |  4.0
Evocations     | 1 |  1.6
Fighting       | |  0.9

Action                     |  1- 3 |  4- 6 |  7- 9 || total
---------------------------+-------+-------+-------++-------
   Cast: Foxfire           |    11 |    19 |     1 ||    31
         Scorch            |     1 |    12 |    12 ||    25
         Flame Wave        |       |     2 |       ||     2
 Invoke: Channel Magic     |       |     2 |       ||     2
  Evoke: Wand              |     3 |       |     2 ||     5
    Use: Scroll            |       |     1 |     2 ||     3
         Potion            |       |       |     4 ||     4
  Dodge: Dodged            |       |     7 |     6 ||    13

Table legend: (Time is in decaauts)
 A = Elapsed time spent in this place.
 B = Non-inter-level travel time spent in this place.
 C = Inter-level travel time spent in this place.
 D = Time resting spent in this place.
 E = Time spent auto-exploring this place.
 F = Levels seen in this place.
 G = Mean time per level.
                   A        B        C        D        E       F      G
               +--------+--------+--------+--------+--------+-----+--------+
         Total |    576 |    576 |      0 |    266 |      0 |   1 |  576.0 |
       Dungeon |    576 |    576 |      0 |    266 |      0 |   1 |  576.0 |
               +--------+--------+--------+--------+--------+-----+--------+

Top non-repeatable levels by time:
       D: 576 daAuts
